 Dungeon Crawl Stone Soup version 0.30.1-3-gfc49f6343a (webtiles) character file.

Game seed: 7493315403059741862

5958 bpung the Fighter (level 10, 0/65 HPs)
             Began as a Gargoyle Fighter on Aug 2, 2023.
             Was a Priest of the Shining One.
             Slain by a vampire mosquito (3 damage)
             ... on level 13 of the Dungeon.
             The game lasted 00:16:11 (6581 turns).

bpung the Fighter (Gargoyle Fighter)                Turns: 6581, Time: 00:16:12

Health: 0/65       AC: 28    Str: 23    XL:     10   Next: 84%
Magic:  0/15       EV:  6    Int:  8    God:    the Shining One [***...]
Gold:   607        SH:  7    Dex: 13    Spells: 9/9 levels left

rFire   + . .        e - +1 flail (venom)
rCold   . . .        c - +1 buckler
rNeg    + + .        m - +0 plate armour
rPois   ∞            a - +0 helmet
rElec   +            r - +1 cloak
rCorr   .            (no gloves)
SInv    .            j - +2 pair of boots
Will    +....        l - amulet of guardian spirit Stlth
                     g - ring of protection from fire
HPRegen 0.30/turn    n - ring of willpower
MPRegen 0.14/turn

%: guardian spirit
@: glowing
A: sickness immunity, AC +7, negative energy resistance 1, electricity
resistance, torment resistance 1, petrification resistance, agile 1, no potion
heal 1
a: Renounce Religion, Divine Shield, Cleansing Flame


You were on level 13 of the Dungeon.
You worshipped the Shining One.
The Shining One was most pleased with you.
You visited 1 branch of the dungeon, and saw 11 of its levels.

You collected 607 gold pieces.

Inventory:

Hand Weapons
 e - a +1 flail of venom (weapon)
Missiles
 i - 41 poisoned darts (quivered)
Armour
 a - a +0 helmet (worn)
 c - a +1 buckler (worn)
 j - a +2 pair of boots (worn)
 m - a +0 plate armour (worn)
 r - a +1 cloak (worn)
Jewellery
 g - a ring of protection from fire (left hand)
 l - an amulet of guardian spirit (around neck)
 n - a ring of willpower (right hand)
Wands
 b - a wand of charming (19)
 k - a wand of iceblast (8)
Scrolls
 f - a scroll of enchant armour
 h - 8 scrolls of identify
 p - a scroll of amnesia
 t - a scroll of poison
 v - a scroll of magic mapping
Potions
 d - 2 potions of might
 o - 2 potions of ambrosia
 s - a potion of haste
Miscellaneous
 u - a phial of floods (inert)


   Skills:
 + Level 8.7 Fighting
 + Level 7.5 Maces & Flails
 + Level 8.6 Armour
 + Level 8.6 Shields
 + Level 7.1 Invocations


You had 9 spell levels left.
You didn't know any spells.
Your spell library contained the following spells:

 Spells                   Type           Power      Damage    Failure   Level
 Summon Small Mammal      Summ           0%         N/A       100%        1
 Call Canine Familiar     Summ           0%         N/A       100%        3
 Summon Guardian Golem    Hex/Summ       0%         N/A       100%        3


Dungeon Overview and Level Annotations

Branches:
Dungeon (13/15)            Temple (0/1) D:7
   Lair: D:8-11         Orc: D:9-12      Vaults: D:13-14

Altars:
Kikubaaqudgha
Nemelex Xobeh
Okawaru
Trog
Uskayaw
Yredelemnul
Zin
The Shining One

Shops:
D:4 :


Innate Abilities, Weirdness & Mutations

You are immune to sickness and miasma.
Your stone body is resilient. (AC +7)
You are immune to poison.
You resist negative energy. (rN+)
You are resistant to electric shocks. (rElec)
You are resistant to unholy torment.
You are immune to petrification.
You are agile. (Dex +4, Str/Int -1)
Potions are less effective at restoring your health.


Message History

The vampire mosquito attacks as you move away!
You block the vampire mosquito's attack.
The vampire mosquito attacks as you move away!
The vampire mosquito bites you but does no damage.
You are no longer corroded.
There is an escape hatch in the floor here.
The vampire mosquito bites you but does no damage.
The vampire mosquito barely misses you.
You block the vampire mosquito's attack. x2
The vampire mosquito bites you but does no damage.
You slide downwards.
The hatch slams shut behind you.
You hit the vampire mosquito.
The vampire mosquito is lightly damaged.
The vampire mosquito bites you but does no damage.
The vampire mosquito bites you.
* * * LOW HITPOINT WARNING * * *
The vampire mosquito bites you but does no damage. x2
You sock the vampire mosquito!
The vampire mosquito is severely damaged.
You block the vampire mosquito's attack.
The vampire mosquito bites you but does no damage.
The vampire mosquito barely misses you. The vampire mosquito bites you.
* * * LOW HITPOINT WARNING * * *
You closely miss the vampire mosquito.
The vampire mosquito is lightly damaged.
The vampire mosquito bites you but does no damage. x2
You block the vampire mosquito's attack.
The vampire mosquito bites you.
* * * LOW HITPOINT WARNING * * *
You sock the vampire mosquito!
You destroy the vampire mosquito!
The Shining One accepts your kill.
The vampire mosquito bites you but does no damage. x2
You closely miss the vampire mosquito.
The vampire mosquito is lightly damaged.
You block the vampire mosquito's attack. x2
You hit the vampire mosquito.
The vampire mosquito is moderately damaged.
The vampire mosquito bites you.
You die...

###############
#.............#
#.............#
#.....y@......#
#.............#
####.######..##
.. ... #.. . #.
.


You could see a vampire mosquito.

Vanquished Creatures
  Pikel (D:7)
  A troll (D:12)
  10 yaks
  A vampire mosquito (D:13)
  2 steam dragons
  A water moccasin (D:5)
  2 black bears
  5 ogres
  A centaur (D:7)
  A phantom (D:6)
  3 lemures (D:6)
  4 kobold brigands
  2 necrophages (D:4)
  4 bullfrogs
  A gnoll sergeant (D:9)
  A scorpion (D:7)
  9 wights
  12 howler monkeys
  Crazy Yiuf (D:5)
  A human zombie (D:4)
  2 gnoll boudas
  3 orc priests
  3 hounds
  2 iguanas
  A sleepcap (D:8)
  2 scorpion zombies (D:4)
  4 orc wizards
  A hound zombie (D:4)
  2 mummies (D:4)
  15 gnolls
  8 adders
  A shadow imp (D:7)
  A white imp (D:7)
  An ufetubus (D:6)
  2 worms
  6 dart slugs
  22 orcs
  4 ball pythons
  3 endoplasms
  5 giant cockroaches
  7 goblins
  2 hobgoblins
  8 jackals
  4 quokkas
  7 bats
  2 frilled lizards
  27 kobolds
  5 rats
213 creatures vanquished.

Notes
Turn   | Place    | Note
-------+----------+-------------------------------------------
     0 | D:1      | bpung the Gargoyle Fighter began the quest for the Orb.
     0 | D:1      | Reached XP level 1. HP: 14/14 MP: 1/1
    39 | D:1      | Found a faded altar of an unknown god.
   125 | D:1      | Reached XP level 2. HP: 19/19 MP: 2/2
   636 | D:2      | Reached XP level 3. HP: 23/23 MP: 3/3
  1546 | D:3      | Reached XP level 4. HP: 29/29 MP: 4/4
  1696 | D:3      | Found a basalt altar of Yredelemnul.
  1698 | D:3      | Noticed a profane servitor
  1712 | D:3      | Found a glowing golden altar of the Shining One.
  1714 | D:3      | Noticed an angel
  1719 | D:3      | Became a worshipper of the Shining One
  2191 | D:4      | Noticed a black bear
  2202 | D:4      | Killed a black bear
  2203 | D:4      | Reached XP level 5. HP: 11/34 MP: 5/5
  2324 | D:4      | Reached XP level 6. HP: 39/39 MP: 6/6
  2521 | D:4      | Found a sparkling altar of Nemelex Xobeh.
  2635 | D:4      | Found an iron altar of Okawaru.
  2647 | D:4      | Reached skill level 1 in Invocations
  2680 | D:4      | Found Semenec's Book Shop.
  2692 | D:4      | Gained mutation: You have a pair of small horns on your
                  | head. [potion of mutation]
  2692 | D:4      | Gained mutation: Your body sometimes deteriorates upon
                  | taking damage. [potion of mutation]
  2789 | D:4      | Reached skill level 5 in Fighting
  2789 | D:4      | Reached skill level 5 in Armour
  2789 | D:4      | Reached skill level 5 in Shields
  2789 | D:4      | Reached XP level 7. HP: 40/44 MP: 5/8
  2796 | D:4      | Reached * piety under the Shining One
  2845 | D:4      | Found an ancient bone altar of Kikubaaqudgha.
  2929 | D:4      | Reached XP level 8. HP: 18/50 MP: 2/10
  3089 | D:5      | Entered Level 5 of the Dungeon
  3160 | D:5      | Noticed a +0 hand axe
  3161 | D:5      | Noticed a +0 dagger
  3164 | D:5      | Found a hide-covered altar of Uskayaw.
  3181 | D:5      | Found a runed translucent door.
  3182 | D:5      | Noticed Crazy Yiuf
  3188 | D:5      | Killed Crazy Yiuf
  3467 | D:5      | Reached skill level 5 in Maces & Flails
  3810 | D:6      | Reached ** piety under the Shining One
  3841 | D:6      | Reached XP level 9. HP: 35/56 MP: 8/12
  4130 | D:6      | Reached skill level 5 in Invocations
  4425 | D:6      | Lost mutation: Your body sometimes deteriorates upon taking
                  | damage. [potion of mutation]
  4425 | D:6      | Lost mutation: You have a pair of small horns on your head.
                  | [potion of mutation]
  4425 | D:6      | Gained mutation: You do not regenerate when monsters are
                  | visible. [potion of mutation]
  4426 | D:6      | Lost mutation: You do not regenerate when monsters are
                  | visible. [potion of mutation]
  4426 | D:6      | Gained mutation: Your magical capacity is low. (-10% MP)
                  | [potion of mutation]
  4426 | D:6      | Gained mutation: You are somewhat resistant to further
                  | mutation. [potion of mutation]
  4427 | D:6      | Lost mutation: You are somewhat resistant to further
                  | mutation. [potion of mutation]
  4427 | D:6      | Lost mutation: Your magical capacity is low. (-10% MP)
                  | [potion of mutation]
  4427 | D:6      | Gained mutation: Potions are less effective at restoring
                  | your health. [potion of mutation]
  4427 | D:6      | Gained mutation: You are agile. (Dex +4, Str/Int -1)
                  | [potion of mutation]
  4602 | D:7      | Found a staircase to the Ecumenical Temple.
  4756 | D:7      | Noticed Pikel
  4779 | D:6      | Reached XP level 10. HP: 64/64 MP: 12/14
  4821 | D:7      | Killed Pikel
  4915 | D:7      | Reached *** piety under the Shining One
  5705 | D:8      | Found a glowing silver altar of Zin.
  5840 | D:8      | Found a bloodstained altar of Trog.
  6369 | D:9      | You fall into a shaft and drop 3 floors!
  6543 | D:12     | Noticed a cyclops
  6558 | D:12     | HP: 3/65 [acid dragon/splash of acid (16)]
  6571 | D:12     | Noticed a cyclops
  6578 | D:13     | HP: 2/65 [vampire mosquito (2)]
  6581 | D:13     | Slain by a vampire mosquito

Illustrated notes

Levels and vault maps discovered:
D:1:      wander_arrival_chamber, layout_rooms, ebering_ecumenical_altar_webs,
          serial_bayou_lagoon_b
D:2:      layout_loops_ring
D:3:      layout_loops_cross, grunt_temple_overflow_holy_war
D:4:      layout_loops_ring, mainiacjoe_overflow_paths,
          lemuel_mausoleum_altar_kikubaaqudgha, kennysheep_mini, serial_shops,
          shop
D:5:      layout_rooms, dancing_weapons_uskayaw,
          nicolae_kite_square_tiling_tiny, uniq_crazy_yiuf_cottage
D:6:      layout_gridville
D:7:      layout_basic, temple_pool_b, st_stairs_5, uniq_pikel
D:8:      layout_loops_ring, kennysheep_little_box, zin_academy
D:9:      layout_loops_ring, dpeg_lair_monsters, enter_bailey_6,
          gammafunk_ghost_abyssal_escape, small_chamber_with_monster
D:12:     layout_rooms, serial_shops, nicolae_shop_stone
D:13:     layout_grid_maze, david_vaults_4, statue_in_the_mist_lemuel

Skill      XL: |  1  2  3  4  5  6  7  8  9 10 |
---------------+-------------------------------+-----
Armour         | 4 5 6 7 8 |  8.6
Fighting       | 4 5 6 7 8 |  8.7
Shields        | 4 5 6 7 8 |  8.6
Maces & Flails | 3 4 5 6 7 |  7.5
Invocations    | 1 2 4 5 7 |  7.1

Action                     |  1- 3 |  4- 6 |  7- 9 | 10-12 || total
---------------------------+-------+-------+-------+-------++-------
  Melee: Flail             |    16 |   114 |   274 |   188 ||   592
         Whip              |   138 |    17 |       |       ||   155
         Headbutt          |       |     4 |    64 |       ||    68
  Evoke: Phial of floods   |       |       |       |     1 ||     1
    Use: Scroll            |     5 |     2 |     2 |     2 ||    11
         Potion            |     1 |     5 |     3 |     2 ||    11
 Armour: Scale mail        |    79 |    72 |       |       ||   151
         Plate armour      |       |    25 |   183 |   222 ||   430
  Dodge: Dodged            |    64 |    62 |    85 |    84 ||   295
  Block: Buckler           |    39 |    39 |    83 |    94 ||   255
